 Dungeon Crawl Stone Soup version 0.31-a0-234-gad7ace16ef (webtiles) character file.

Game seed: 17580879518631478483

70 qw the Shooter (level 4, -3/36 HPs)
             Began as a Minotaur Hexslinger on July 9, 2023.
             Slain by a gnoll
             ... wielding a +0 spear
              (6 damage)
             ... on level 2 of the Dungeon.
             The game lasted 00:00:19 (927 turns).

qw the Shooter (Minotaur Hexslinger)                 Turns: 927, Time: 00:00:19

Health: -3/36      AC:  2    Str: 13    XL:     4   Next: 3%
Magic:  4/4        EV: 12    Int: 10    God:
Gold:   26         SH:  0    Dex: 14    Spells: 4/5 levels left

rFire   . . .        Y - +1 sling
rCold   . . .        (no shield)
rNeg    . . .        c - +0 robe
rPois   .            (helmet restricted)
rElec   .            (no cloak)
rCorr   .            (no gloves)
SInv    .            (no boots)
Will    .....        (no amulet)
Stlth   +            (no ring)
HPRegen 0.26/turn    (no ring)
MPRegen 0.09/turn

%: no passive effects
@: no status effects
A: horns 2, retaliatory headbutt
a: no special abilities


You were on level 2 of the Dungeon.
You visited 1 branch of the dungeon, and saw 2 of its levels.

You collected 26 gold pieces.


Innate Abilities, Weirdness & Mutations

You have a pair of horns on your head.
You reflexively headbutt those who attack you in melee.


   Skills:
 - Level 2.0 Fighting
 + Level 4.5 Ranged Weapons
 - Level 2.1 Dodging
 - Level 1.0 Spellcasting
 - Level 2.0 Hexes


You had 4 spell levels left.
You knew the following spells:

 Your Spells              Type           Power      Damage    Failure   Level
a - Slow                  Hex            16%        N/A       16%         1

Your spell library contained the following spells:

 Spells                   Type           Power      Damage    Failure   Level
 Inner Flame              Hex/Fire       2%         N/A       56%         3
 Portal Projectile        Hex/Tloc       4%         N/A       56%         3
 Cause Fear               Hex            2%         N/A       83%         4

Inventory:

Hand Weapons
 Y - a +1 sling (weapon)
Armour
 b - a +0 leather armour
 c - a +0 robe (worn)
 d - a +0 cloak
Scrolls
 a - 4 scrolls of identify {unknown}
 h - 2 scrolls of fog {unknown}
 i - a scroll of enchant weapon {unknown}
Potions
 e - a potion of invisibility {unknown}
 f - a potion of ambrosia {unknown}
 g - a potion of magic {unknown}
 j - a potion of haste {unknown}
 k - a potion of brilliance {unknown}

Dungeon Overview and Level Annotations

Branches:
Dungeon (2/15)

Altars:

Annotations:
D:2 exclusion: gnoll


Message History

The sling bullet hits the adder!
The adder is severely wounded.
A gnoll comes into view. It is wielding a +0 halberd.
You shoot a sling bullet. The sling bullet hits the adder!
You kill the adder!
The gnoll misses you. The gnoll closely misses you.
You shoot a sling bullet. The sling bullet hits the gnoll.
The gnoll is lightly wounded.
The gnoll barely misses you.
You shoot a sling bullet. The sling bullet hits the gnoll!
The gnoll is severely wounded.
The gnoll closely misses you. The gnoll hits you but does no damage.
You shoot a sling bullet. The sling bullet hits the gnoll.
The gnoll is severely wounded.
The gnoll closely misses you.
The gnoll hits you from afar with a +0 spear!
You shoot a sling bullet. The sling bullet hits the gnoll.
The gnoll is almost dead.
The gnoll hits you from afar with a +0 halberd.
The gnoll barely misses you.
You shoot a sling bullet. The sling bullet hits the gnoll.
You kill the gnoll!
The gnoll barely misses you.
The gnoll hits you from afar with a +0 spear.
You have reached level 4!
You feel stronger.
Enter note:
Enter note:
Enter note:
924 ||| UPGRADING to +0 leather armour.
The gnoll hits you from afar with a +0 spear!
You stop removing your armour.
925 ||| UPGRADING to +0 leather armour.
The gnoll misses you.
You start removing your armour.
You continue taking off your +0 robe.
The gnoll hits you from afar with a +0 spear!
You stop removing your armour.
927 ||| UPGRADING to +0 leather armour.
The gnoll hits you from afar with a +0 spear.
You stop removing your armour.
You die...

############## #............#
##.##########.# # .....#
#.####)###.# .....#
#...@.g.?%.. #....#
#####>.#####
####.############%.#
#..................#
#.###.##.###.#####.# #.#
#.##.# #.#####.########.#
#.###.##.###................#
...........#.########.#######
.......#.#.#.# #.#


You could see a gnoll.

Vanquished Creatures
  2 gnolls (D:2)
  2 adders (D:2)
  A worm (D:2)
  A ball python (D:2)
  3 bats
  2 giant cockroaches (D:1)
  5 goblins
  5 hobgoblins
  3 kobolds
  A quokka (D:2)
  3 rats
28 creatures vanquished.

Notes
Turn   | Place    | Note
-------+----------+-------------------------------------------
     0 | D:1      | qw the Minotaur Hexslinger began the quest for the Orb.
     0 | D:1      | Reached XP level 1. HP: 16/16 MP: 1/1
     0 | D:1      | 0 ||| qw: Version: 0.3-a-51-g015441d
     0 | D:1      | 0 ||| qw: Game counter: 4053
     0 | D:1      | 0 ||| qw: Melee chars always use a shield: true
     0 | D:1      | 0 ||| qw: God list: Okawaru
     0 | D:1      | 0 ||| qw: Allow faded altars: false
     0 | D:1      | 0 ||| qw: Do Orc after clearing Dungeon:15 true
     0 | D:1      | 0 ||| qw: Do second Lair branch before Depths: true
     0 | D:1      | 0 ||| qw: Lair rune preference: random
     0 | D:1      | 0 ||| qw: Goals: Normal
     0 | D:1      | 0 ||| PLANNING D:1-11
   258 | D:1      | Reached skill level 3 in Ranged Weapons
   270 | D:1      | Reached XP level 2. HP: 23/23 MP: 2/2
   570 | D:1      | 570 ||| READING scroll labelled IPYLI TOTASH.
   571 | D:1      | 571 ||| READING scroll labelled ICUETYTIEN.
   572 | D:1      | 572 ||| READING scroll labelled WEVISU KALUCE.
   577 | D:1      | 577 ||| READING scroll labelled NIAZOE EDIUSM.
   578 | D:1      | 578 ||| DROPPING scroll of poison.
   669 | D:2      | Reached XP level 3. HP: 29/29 MP: 3/3
   914 | D:2      | Reached skill level 4 in Ranged Weapons
   924 | D:2      | Reached XP level 4. HP: 18/36 MP: 4/4
   924 | D:2      | 924 ||| UPGRADING to +0 leather armour.
   925 | D:2      | 925 ||| UPGRADING to +0 leather armour.
   926 | D:2      | HP: 2/36 [gnoll/+0 spear (9)]
   927 | D:2      | 927 ||| UPGRADING to +0 leather armour.
   927 | D:2      | Slain by a gnoll

Levels and vault maps discovered:
D:1:      minmay_arrival_loop, layout_loops_ring
D:2:      layout_loops_ring

Skill      XL: |  1  2  3 |
---------------+----------+-----
Ranged Weapons | 3 4 |  4.5
Fighting       | 2 |  2.0
Dodging        | |  2.1
Spellcasting   | |  1.0
Hexes          | |  2.0

Action                     |  1- 3 |  4- 6 || total
---------------------------+-------+-------++-------
   Fire: Sling             |    62 |       ||    62
    Use: Scroll            |     4 |       ||     4
 Armour: Robe              |     4 |       ||     4
  Dodge: Dodged            |    16 |     1 ||    17

Table legend:
 A = Non-vault XP
 B = Vault XP
 C = Vault XP percentage of total XP
 D = Non-vault monster count
 E = Vault monster count
 F = Vault count percentage of total count
                 A         B        C        D         E       F
            +---------+---------+-------+---------+---------+-------
      Total |     100 |       0 |   0.0 |      28 |       0 |   0.0
            +---------+---------+-------+---------+---------+-------
        D:1 |      23 |       0 |   0.0 |      13 |       0 |   0.0
        D:2 |      77 |       0 |   0.0 |      15 |       0 |   0.0
            +---------+---------+-------+---------+---------+-------
